 Dungeon Crawl Stone Soup version 0.21.0-3-g78d12a8 (webtiles) character file.

11442 Plasmagod the Grappler (level 11, 0/102 HPs)
             Began as a Troll Monk on Jan 10, 2018.
             Was a High Priest of Wu Jian.
             Slain by a yak (16 damage)
             ... in an ice cave.
             The game lasted 00:43:14 (7833 turns).

Plasmagod the Grappler (Troll Monk)                 Turns: 7833, Time: 00:43:14

Health: 0/102      AC:  7    Str: 23    XL:     11   Next: 49%
Magic:  10/10      EV: 13    Int:  6    God:    Wu Jian [*****.]
Gold:   119        SH:  0    Dex: 13    Spells: 4/10 levels left

rFire    . . .     SeeInvis .     - Unarmed
rCold    . . .     Gourm    +   (no shield)
rNeg     . . .     Faith    .   q - +2 robe
rPois    .         Spirit   .   (helmet restricted)
rElec    .         Reflect  .   (no cloak)
rCorr    +         Harm     .   (gloves unavailable)
MR       .....                  (boots unavailable)
Stlth    +++.......             y - amulet of regeneration
HPRegen  1.07/turn              m - ring of resist corrosion
MPRegen  0.12/turn              (no ring)

@: no status effects
A: large, unfitting armour, claws 3, fast metabolism 3, gourmand, regeneration
1, shaggy fur 1, tough skin 2
a: Wall Jump, Serpent's Lash, Heavenly Storm, Renounce Religion


You were in an ice cave.
You worshipped Wu Jian.
Wu Jian was extremely pleased with you.
You were very full.

You visited 1 branch of the dungeon, and saw 11 of its levels.
You also visited: Ice Cave.

You collected 509 gold pieces.
You spent 390 gold pieces at shops.

Inventory:

Armour
 q - a +2 robe (worn)
Jewellery
 l - an uncursed amulet of rage
 m - a ring of resist corrosion (left claw)
 y - an amulet of regeneration (around neck)
Wands
 o - a wand of clouds (3)
 s - a wand of scattershot (5)
 u - a wand of acid (5)
 v - a wand of random effects (20)
Scrolls
 a - a scroll of remove curse
 c - a scroll of fog
 f - 7 scrolls of identify
 k - a scroll of enchant armour
 n - a scroll of blinking
 p - a scroll of silence {unknown}
 w - a scroll of enchant weapon
 x - a scroll of holy word {unknown}
Potions
 d - 4 potions of curing
 h - 2 potions of might
 j - 7 potions of heal wounds
 r - 2 potions of brilliance
 z - a potion of haste {unknown}
 A - 2 potions of flight {unknown}
Books
 t - a book of Clouds

   Spells                             Type                      Level
   a - Poisonous Vapours              Poison/Air                   2
   b - Mephitic Cloud                 Conjuration/Poison/Air       3
   c - Conjure Flame                  Conjuration/Fire             3
   d - Freezing Cloud                 Conjuration/Ice/Air          6
   e - Ring of Flames                 Charms/Fire                  7
 B - a book of Misfortune

   Spells                             Type                      Level
   a - Confusing Touch                Hexes                        1
   b - Confuse                        Hexes                        3
   c - Gell's Gravitas                Translocation                3
   d - Petrify                        Transmutation/Earth          4
   e - Metabolic Englaciation         Hexes/Ice                    5
   f - Yara's Violent Unravelling     Hexes/Transmutation          5
Comestibles
 b - 24 rations
 g - a chunk of flesh


   Skills:
 + Level 5.1 Fighting
 + Level 7.0 Dodging
 + Level 4.4 Stealth
 + Level 14.0 Unarmed Combat


You had 4 spell levels left.
You knew the following spells:

 Your Spells              Type           Power        Failure   Level  Hunger
a - Mephitic Cloud        Conj/Pois/Air  #.......     83%         3    ####...
b - Regeneration          Chrm/Necr      #.........   83%         3    ####...


Dungeon Overview and Level Annotations

Branches:
Dungeon (11/15)            Temple (0/1) D:7            Lair (0/6) D:10
    Orc: D:9-12

Altars:
Cheibriados
Dithmenos
Fedhas
Hepliaklqana
Kikubaaqudgha
Makhleb
Nemelex Xobeh
Qazlal
Sif Muna
Trog
Wu Jian
Xom
Yredelemnul
Zin
The Shining One

Shops:
D:4 %   D:10 =


Innate Abilities, Weirdness & Mutations

You are too large for most types of armour.
You have claws for hands.
Your metabolism is lightning-fast.
You like to eat raw meat.
Your natural rate of healing is unusually fast.
You are covered in fur. (AC +1)
You have very tough skin. (AC +2)


Message History

* * * LOW HITPOINT WARNING * * *
You closely miss the wolf.
The wolf is heavily wounded.
The wolf bites you but does no damage.
You scratch the wolf.
The wolf is severely wounded.
The wolf barely misses you.
You spin and attack the yak.
You mangle the yak!! You claw the yak.
The yak is heavily wounded.
The yak gores you.
* * * LOW HITPOINT WARNING * * *
The wolf misses you.
You miss the wolf.
The wolf is severely wounded.
The yak barely misses you. The wolf bites you.
* * * LOW HITPOINT WARNING * * *
You miss the wolf.
The wolf is severely wounded.
The wolf misses you. The yak gores you!
You die...

###### #######....## #
##.##≈..##.#)## ##
####.#...#####.#.####.
###†...#..##
#...####...
#.†.#.Y#.##
##...##...#
#...####h@##
##...##..# #...# ####
#..###..# ..#
#..####.. . ##...#..)
##....#. #######


You could see a yak and a wolf.

Vanquished Creatures
  Erolcha (D:9)
  A two-headed ogre (D:10)
  An unseen horror (D:9)
  2 centaur zombies (D:10)
  Joseph (D:9)
  An ice statue (IceCv)
  The ghost of Fingolfin the Cleaver, a novice HOFi of Beogh (D:3)
  2 ice devils (D:11)
  A polar bear (shapeshifter) (D:11)
  5 polar bears (IceCv)
  A hornet (D:8)
  Grinder (D:5)
  A hippogriff (D:9)
  A spriggan (D:7)
  A wyvern (D:10)
  3 yaks (IceCv)
  Duvessa (D:5)
  3 orc warriors
  2 sky beasts
  An eye of draining (D:10)
  2 black bears
  3 phantoms
  4 ice beasts
  8 wolves (IceCv)
  4 ogres
  3 centaurs
  A crocodile (D:10)
  Dowan (D:5)
  A wyvern zombie (D:10)
  A wyvern skeleton (D:11)
  5 scorpions
  3 killer bees (D:11)
  An electric eel (D:6)
  3 howler monkeys
  2 crimson imps
  A bullfrog zombie (D:9)
  4 orc priests
  19 orc wizards
  A centaur skeleton (D:9)
  7 hounds
  2 jellies
  A quasit (D:8)
  Crazy Yiuf (D:6)
  3 iguanas
  Ijyb (D:3)
  3 worker ants
  A worker ant zombie (D:10)
  3 gnolls (D:8)
  10 adders
  3 shadow imps
  2 oozes
  An adder skeleton (D:9)
  3 worms
  6 dart slugs
  5 leopard geckos
  39 orcs
  9 giant cockroaches
  6 goblins
  5 hobgoblins
  18 jackals
  7 quokkas
  2 ball pythons
  9 bats
  A frilled lizard (D:2)
  9 kobolds
  4 rats
259 creatures vanquished.

Notes
Turn   | Place    | Note
-------+----------+-------------------------------------------
     0 | D:1      | Plasmagod the Troll Monk began the quest for the Orb.
     0 | D:1      | Reached XP level 1. HP: 22/22 MP: 0/0
    70 | D:1      | Reached XP level 2. HP: 28/29 MP: 1/1
   293 | D:1      | You fall through a shaft!
   333 | D:2      | Reached XP level 3. HP: 31/36 MP: 2/2
   591 | D:2      | Found a faded altar of an unknown god.
   670 | D:2      | Reached XP level 4. HP: 44/44 MP: 3/3
   728 | D:2      | Found a snail-covered altar of Cheibriados.
   780 | D:2      | Reached skill level 4 in Unarmed Combat
   932 | D:3      | Found a hazy altar of Hepliaklqana.
   933 | D:3      | Found a shimmering altar of Xom.
   933 | D:3      | Noticed a hungry ghost
   934 | D:3      | Noticed a spectral ugly thing
   934 | D:3      | Noticed a hungry ghost
   985 | D:3      | Noticed Fingolfin's ghost (novice HOFi)
   995 | D:3      | Killed Fingolfin's ghost
   995 | D:3      | Reached skill level 5 in Unarmed Combat
   995 | D:3      | Reached XP level 5. HP: 53/53 MP: 4/4
   995 | D:3      | Reached XP level 6. HP: 61/61 MP: 5/5
  1106 | D:3      | Found an ornate altar of the Wu Jian Council.
  1111 | D:3      | Became a worshipper of the Wu Jian Council
  1111 | D:3      | Reached * piety under Wu Jian
  1111 | D:3      | Reached ** piety under Wu Jian
  1249 | D:3      | Noticed Ijyb
  1263 | D:3      | Reached skill level 6 in Unarmed Combat
  1277 | D:3      | Killed Ijyb
  1549 | D:3      | Found a deep blue altar of Sif Muna.
  1552 | D:3      | Found a glowing silver altar of Zin.
  1742 | D:4      | Reached XP level 7. HP: 32/67 MP: 6/6
  1864 | D:4      | Found Niutz's Food Emporium.
  1992 | D:4      | Found a sparkling altar of Nemelex Xobeh.
  2036 | D:4      | Reached *** piety under Wu Jian
  2171 | D:4      | Reached skill level 7 in Unarmed Combat
  2468 | D:4      | Found a bloodstained altar of Trog.
  2506 | D:5      | Entered Level 5 of the Dungeon
  2576 | D:5      | Noticed Grinder
  2588 | D:5      | Killed Grinder
  2588 | D:5      | Reached skill level 8 in Unarmed Combat
  2588 | D:5      | Reached XP level 8. HP: 40/75 MP: 7/7
  3098 | D:5      | Noticed Duvessa
  3098 | D:5      | Noticed Dowan
  3113 | D:5      | Killed Duvessa
  3120 | D:5      | Killed Dowan
  3120 | D:5      | Reached skill level 9 in Unarmed Combat
  3164 | D:5      | Reached **** piety under Wu Jian
  3520 | D:5      | Found a burning altar of Makhleb.
  3633 | D:6      | Found an ancient bone altar of Kikubaaqudgha.
  3739 | D:6      | Found a runed door.
  3743 | D:6      | Noticed Crazy Yiuf
  3744 | D:6      | Killed Crazy Yiuf
  3793 | D:6      | Noticed a two-headed ogre
  3960 | D:6      | Found a stormy altar of Qazlal.
  4217 | D:6      | Reached XP level 9. HP: 63/84 MP: 8/8
  4258 | D:6      | Learned a level 3 spell: Mephitic Cloud
  4584 | D:7      | Reached skill level 10 in Unarmed Combat
  4663 | D:7      | Reached skill level 5 in Dodging
  4756 | D:7      | Found a staircase to the Ecumenical Temple.
  4949 | D:7      | Found a stormy altar of Qazlal.
  5038 | D:7      | Found a glowing golden altar of the Shining One.
  5043 | D:7      | Found a basalt altar of Yredelemnul.
  5045 | D:7      | Noticed a profane servitor
  5072 | D:7      | Noticed an angel
  5119 | D:8      | Paralysed by a hornet for 1 turns
  5217 | D:8      | Found a blossoming altar of Fedhas.
  5455 | D:8      | Reached skill level 11 in Unarmed Combat
  5772 | D:9      | Noticed Erolcha
  6014 | D:9      | Reached XP level 10. HP: 93/93 MP: 9/9
  6017 | D:9      | Noticed Joseph
  6029 | D:9      | Killed Joseph
  6167 | D:9      | Reached ***** piety under Wu Jian
  6185 | D:9      | Found a shadowy altar of Dithmenos.
  6216 | D:9      | Killed an unseen horror
  6484 | D:9      | Killed Erolcha
  6484 | D:9      | Reached skill level 12 in Unarmed Combat
  6682 | D:10     | Entered Level 10 of the Dungeon
  6716 | D:10     | Noticed a two-headed ogre
  6723 | D:10     | Killed a two-headed ogre
  6769 | D:10     | Found Enli's Jewellery Shoppe.
  6773 | D:10     | Reached skill level 13 in Unarmed Combat
  6777 | D:10     | Found a staircase to the Lair.
  6832 | D:10     | Bought an uncursed amulet of regeneration for 390 gold pieces
  7011 | D:10     | Reached XP level 11. HP: 101/101 MP: 10/10
  7018 | D:10     | Learned a level 3 spell: Regeneration
  7495 | D:11     | HP: 3/101 [polar bear (shapeshifter) (5)]
  7611 | D:11     | Found a frozen archway.
  7627 | IceCv    | Entered an ice cave
  7635 | IceCv    | Reached skill level 5 in Fighting
  7823 | IceCv    | Reached skill level 14 in Unarmed Combat
  7833 | IceCv    | Slain by a yak

Skill      XL: |  1  2  3  4  5  6  7  8  9 10 11 |
---------------+----------------------------------+-----
Dodging        | 3 4 5 6 7 |  7.0
Unarmed Combat | 5 6 8 9 11 13 14 | 14.0
Fighting       | 3 4 5 |  5.1
Stealth        | 2 3 4 |  4.4

Action                   |  1- 3 |  4- 6 |  7- 9 | 10-12 || total
-------------------------+-------+-------+-------+-------++-------
Melee: Unarmed           |   104 |   109 |   397 |   259 ||   869
       Punch             |     1 |     3 |    13 |    26 ||    43
Invok: Whirlwind         |       |    17 |    59 |    49 ||   125
       Lunge             |       |     7 |    45 |    23 ||    75
       Wall Jump         |       |     2 |     6 |    12 ||    20
       Serpent's Lash    |       |       |     3 |     1 ||     4
  Use: Scroll            |     1 |       |     7 |     6 ||    14
       Potion            |       |     1 |     2 |     3 ||     6
 Stab: Sleeping          |       |     3 |    10 |     4 ||    17
       Distracted        |       |       |       |     1 ||     1
  Eat: Chunk             |    12 |     9 |    38 |    18 ||    77
Armor: Robe              |    61 |    23 |    49 |    65 ||   198
       Skin              |       |     5 |       |       ||     5
Dodge: Dodged            |    66 |    41 |   134 |   112 ||   353
